 Dungeon Crawl Stone Soup version 0.17.1-3-g152610e (webtiles) character file.

217 Heskey the Skirmisher (level 5, -1/48 HPs)
             Began as a Hill Orc Fighter on Mar 24, 2016.
             Was an Initiate of Beogh.
             Killed by nerve-wracking pain
             ... invoked by an orc priest
              (9 damage)
             ... on level 3 of the Dungeon.
             The game lasted 00:02:15 (1916 turns).

Heskey the Skirmisher (Hill Orc Fighter)            Turns: 1916, Time: 00:02:16

Health: -1/48      AC: 12    Str: 20    XL:     5   Next: 94%
Magic:  5/5        EV:  3    Int:  8    God:    Beogh [......]
Gold:   81         SH:  9    Dex: 10    Spells: 0 memorised, 4 levels left

rFire  . . .     SeeInvis .     a - +0 war axe
rCold  . . .     Clarity  .     l - +0 plate armour
rNeg   + . .     SustAt   .     c - +0 shield
rPois  .         Gourm    .     (no helmet)
rElec  .         Spirit   .     (no cloak)
rCorr  .         Warding  .     (no gloves)
rMut   .         Stasis   .     (no boots)
MR     .....                    (no amulet)
Stlth  ..........               (no ring)
                                f - ring of positive energy

@: not resistant to hostile enchantments, extremely unstealthy
A: no striking features
a: Renounce Religion


You were on level 3 of the Dungeon.
You worshipped Beogh.
Beogh was noncommittal.
You were not hungry.

You visited 1 branch of the dungeon, and saw 3 of its levels.

You collected 81 gold pieces.

Inventory:

Hand Weapons
 a - a +0 war axe (weapon)
Armour
 c - a +0 shield (worn)
 l - a +0 plate armour (worn)
Jewellery
 f - a ring of positive energy (left hand)
Scrolls
 h - 5 scrolls of identify {unknown}
 k - 3 scrolls of remove curse {unknown}
 m - a scroll of blinking {unknown}
 o - 2 scrolls of enchant weapon {unknown}
 p - a scroll of fear {unknown}
 q - a scroll of enchant armour {unknown}
Potions
 b - a potion of agility {unknown}
 d - 2 potions of might
 g - a potion of heal wounds {unknown}
 i - a potion of invisibility {unknown}
 j - a potion of resistance {unknown}
 n - a potion of lignification {unknown}
 r - 2 potions of curing {unknown}
 t - a potion of cure mutation {unknown}
Comestibles
 e - 2 bread rations
 s - 3 chunks of flesh


   Skills:
 * Level 5.5 Fighting
 + Level 4.0 Axes
 + Level 4.2 Armour
 + Level 4.4 Shields


You had 4 spell levels left.
You didn't know any spells.

Dungeon Overview and Level Annotations

Branches:
Dungeon (3/15)

Altars:
Dithmenos
Fedhas
Ru


Message History

The orc priest is severely wounded.
The orc priest hits you but does no damage.
You hit the orc priest.
The orc priest is severely wounded.
You block the orc priest's attack.
You hit the orc priest.
The orc priest is almost dead.
You block the orc priest's attack.
You closely miss the orc priest.
The orc priest is almost dead.
The orc priest hits you but does no damage.
You closely miss the orc priest.
The orc priest is almost dead.
The orc priest calls down the wrath of Beogh upon you.
Something smites you!
* * * LOW HITPOINT WARNING * * *
The orc priest mumbles some strange prayers to Beogh against you.
Pain shoots through your body!
You die...
Beogh appreciates the orc priest's killing of a heretic priest.

#.#.#.###.##.#####.....
##.........##.# #..##.
#.>.#.####.##.# #..###
#.##.......##'# #...##
#.##########... ......
#.### .... ..##..
#.#.## ..... .####.
#....####...... #..
#......@o...... ....
##...####...... #..##
#..## ..... #.# # #.##
.... . #.# ... #.# +#
#.# #.


You could see an orc priest.

Vanquished Creatures
  The ghost of Sehdowjr the Magician, an amateur DEWz (D:3)
  2 adders (D:2)
  An ooze (D:2)
  2 worms (D:2)
  3 giant geckos
  5 orcs (D:3)
  2 giant cockroaches
  8 hobgoblins
  7 jackals
  A quokka (D:2)
  11 bats
  6 giant newts
  8 goblins
  7 kobolds
  10 rats
74 creatures vanquished.

Notes
Turn   | Place    | Note
--------------------------------------------------------------
     0 | D:1      | Heskey the Hill Orc Fighter began the quest for the Orb.
     0 | D:1      | Reached XP level 1. HP: 19/19 MP: 1/1
    32 | D:1      | Reached XP level 2. HP: 25/27 MP: 2/2
    36 | D:1      | Reached skill level 4 in Fighting
   197 | D:1      | Reached XP level 3. HP: 26/33 MP: 3/3
   824 | D:2      | Found a sacrificial altar of Ru.
   914 | D:2      | Reached XP level 4. HP: 16/41 MP: 4/4
  1619 | D:2      | Found a blossoming altar of Fedhas.
  1776 | D:3      | Became a worshipper of Beogh the Brigand
  1812 | D:3      | Found a shadowy altar of Dithmenos.
  1836 | D:3      | Noticed Sehdowjr's ghost (amateur DEWz)
  1847 | D:3      | Killed Sehdowjr's ghost
  1847 | D:3      | Reached skill level 5 in Fighting
  1847 | D:3      | Reached XP level 5. HP: 44/48 MP: 5/5
  1916 | D:3      | Killed from afar by an orc priest

Action                   |  1- 3 |  4- 6 || total
-------------------------+-------+-------++-------
Melee: War axe           |   129 |   134 ||   263
  Eat: Chunk             |       |     4 ||     4
